 Dungeon Crawl Stone Soup version 0.30-a0-170-g85af917532 (webtiles) character file.

Game seed: 770225773708939574

30886 qw the Cleaver (level 13, -11/82 HPs)
             Began as a Gargoyle Fighter on Sept 30, 2022.
             Was a High Priest of Okawaru.
             Mangled by Rupert
             ... wielding a +2 great mace of protection
              (18 damage)
             ... on level 3 of the Lair of Beasts.
             The game lasted 00:05:27 (16920 turns).

qw the Cleaver (Gargoyle Fighter)                  Turns: 16920, Time: 00:05:28

Health: -11/82     AC: 45    Str: 24    XL:     13   Next: 54%
Magic:  14/20      EV:  9    Int: 13    God:    Okawaru [*****.]
Gold:   518        SH:  6    Dex:  9    Spells: 12/12 levels left

rFire   . . .      SeeInvis .    Y - +3 broad axe (protect)
rCold   . . .      Faith    .    c - +0 buckler
rNeg    + . .      Spirit   .    r - +0 plate armour
rPois   inf        Reflect  .    a - +2 helmet {Int+3}
rElec   +          Harm     .    s - +0 cloak
rCorr   .          Rampage  .    j - +2 pair of gloves
Will    .....                    v - +1 pair of boots
Stlth   ..........               (no amulet)
HPRegen 0.23/turn                (no ring)
MPRegen 0.17/turn                (no ring)

@: about to teleport, heroic, finesse-ful, under a protective aura
A: sickness immunity, AC +9, negative energy resistance 1, electricity
resistance, torment resistance 1, petrification resistance
a: Renounce Religion, Heroism, Finesse, Duel


You were on level 3 of the Lair of Beasts.
You worshipped Okawaru.
Okawaru was extremely pleased with you.
You visited 3 branches of the dungeon, and saw 14 of its levels.

You collected 760 gold pieces.
You spent 242 gold pieces at shops.


Innate Abilities, Weirdness & Mutations

You are immune to sickness and miasma.
Your stone body is resilient. (AC +9)
You are immune to poison.
You resist negative energy. (rN+)
You are resistant to electric shocks. (rElec)
You are resistant to unholy torment.
You are immune to petrification.


   Skills:
 - Level 10.0(15.0) Fighting
 - Level 14.0(19.0) Axes
 - Level 5.1(10.1) Throwing
 - Level 10.0(15.0) Armour
 - Level 2.0(7.0) Dodging
 + Level 6.3(11.3) Shields
 - Level 10.0 Invocations


You had 12 spell levels left.
You didn't know any spells.
Your spell library was empty.

Inventory:

Hand Weapons
 t - a +0 morningstar
 Y - a +3 broad axe of protection (weapon)
Missiles
 k - 4 boomerangs
 m - 6 javelins (quivered)
Armour
 a - a +2 helmet of intelligence (worn)
 c - a +0 buckler (worn)
 f - +0 acid dragon scales
 j - a +2 pair of gloves (worn)
 r - a +0 plate armour (worn)
 s - a +0 cloak (worn)
 v - a +1 pair of boots (worn)
Scrolls
 h - 3 scrolls of teleportation
 i - 7 scrolls of identify
 l - a scroll of poison {unknown}
Potions
 b - 5 potions of attraction
 d - 4 potions of might
 e - 3 potions of cancellation
 g - 3 potions of resistance
 n - a potion of mutation
 o - 2 potions of curing
 p - 4 potions of lignification
 q - 3 potions of haste
 u - a potion of heal wounds {unknown}

Dungeon Overview and Level Annotations

Branches:
Dungeon (10/15)            Temple (1/1) D:4            Lair (3/5) D:10
  Swamp (0/4) Lair:2       Spider (0/4) Lair:2
    Orc: D:9-12

Altars:
Ashenzari
Cheibriados
Dithmenos
Elyvilon
Fedhas
Gozag
Hepliaklqana
Kikubaaqudgha
Makhleb
Nemelex Xobeh
Okawaru
Qazlal
Ru
Sif Muna
Trog
Uskayaw
Vehumet
Wu Jian
Xom
Yredelemnul
Zin
The Shining One

Shops:
D:3 ?   D:7 :?

Annotations:
D:3 1 runed translucent door, qw's ghost, amateur GrFi
Lair:3 Rupert


Message History

Rupert roars madly and goes into a rage!
Rupert goes berserk!
Throw: 7 javelins
Press: ? - help, Q - select action, (/) - cycle Shift-Dir - straight line, f/p - Rupert You throw a javelin.
The javelin completely misses Rupert.
You slice Rupert!!
Your weapon exudes an aura of protection.
Rupert is moderately wounded.
Rupert hits you but does no damage.
You slice Rupert!!
Rupert is heavily wounded.
You closely miss Rupert.
Rupert is heavily wounded.
Rupert hits you with a +2 great mace of protection!!
You hit Rupert but do no damage.
Rupert is moderately wounded.
You hit Rupert.
Rupert is heavily wounded.
Rupert hits you with a +2 great mace of protection!!!
You barely miss Rupert.
Rupert is heavily wounded.
Rupert hits you with a +2 great mace of protection.
16915 ||| READING 4 scrolls of teleportation.
As you read the scroll of teleportation, it crumbles to dust.
You feel strangely unstable. Rupert closely misses you.
You slash Rupert!
Rupert is heavily wounded.
Rupert hits you with a +2 great mace of protection!
You hit Rupert.
Rupert is heavily wounded.
You barely miss Rupert.
Rupert is heavily wounded.
Rupert barely misses you.
You closely miss Rupert.
Rupert is heavily wounded.
You hit Rupert but do no damage.
Rupert is heavily wounded.
Rupert hits you with a +2 great mace of protection!!
You die...

#....P#...### #####.....###...###
###.###...#####.##P...[####..####
#[..# #..........##....###.....##
....###....##....##....##....P...
.....##....##.........((...^....#
....##....##....###.........P#..#
..#####...#....####.....#.#.#####
#.#####...#.#.#.#........#...###.
#.#..##....##..#@@#..............
..%..............................
.................................
.................................
.................................
####........(....................
##......P.#.##...........#.###
######.....#.####...7...7...#.##.
...###.....######..7....P7.......


You could see Rupert (berserk).

Vanquished Creatures
  Snorg (Lair:3)
  Erolcha (D:10)
  2 hydras (Lair:3)
  Erica (D:8)
  A two-headed ogre (D:9)
  A deep troll (Lair:1)
  2 bog bodies (Lair:2)
  Pikel (D:6)
  A lindwurm (Lair:1)
  10 elephants (Lair:3)
  5 cane toads
  A torpor snail (Lair:2)
  5 komodo dragons
  An unseen horror (D:10)
  3 rime drakes
  2 trolls (D:10)
  3 blink frogs (Lair:2)
  A hornet (D:10)
  6 dream sheep (Lair:3)
  A jumping spider (Lair:2)
  2 culicivoras (Lair:2)
  23 yaks
  2 wyverns
  4 basilisks (Lair:3)
  A redback (Lair:2)
  A steam dragon (Lair:3)
  Menkaure (D:7)
  2 swamp worms (Lair:2)
  3 acid dragons (D:10)
  11 water moccasins
  5 ice beasts
  2 orc warriors
  A sky beast (D:7)
  4 black bears
  4 ogres
  38 wolves
  7 centaurs
  2 kobold brigands
  A lemure (D:6)
  3 phantoms
  11 bullfrogs
  2 gnoll sergeants
  A scorpion (D:4)
  3 wights (D:8)
  14 killer bees
  A howler monkey (D:7)
  5 electric eels
  8 hounds
  7 orc priests
  3 jellies
  An iguana (D:6)
  6 orc wizards
  8 gnolls
  9 adders
  2 shadow imps
  6 white imps
  An ufetubus (D:7)
  3 worms
  6 dart slugs
  18 orcs
  3 ball pythons
  7 endoplasms
  6 giant cockroaches
  7 goblins
  8 hobgoblins
  5 quokkas
  6 bats
  2 frilled lizards (D:1)
  18 kobolds
  6 rats
349 creatures vanquished.

Vanquished Creatures (others)
  Psyche (D:9)
  11 fungi
  45 plants
  4 toadstools (D:9)
61 creatures vanquished.

Grand Total: 410 creatures vanquished

Notes
Turn   | Place    | Note
-------+----------+-------------------------------------------
     0 | D:1      | qw the Gargoyle Fighter began the quest for the Orb.
     0 | D:1      | Reached XP level 1. HP: 14/14 MP: 1/1
     0 | D:1      | 0 ||| qw: Version: 0.2-a-12-gaebbb33
     0 | D:1      | 0 ||| qw: Game counter: 1493
     0 | D:1      | 0 ||| qw: Always use a shield: true
     0 | D:1      | 0 ||| qw: God list: Okawaru
     0 | D:1      | 0 ||| qw: Allow faded altars: false
     0 | D:1      | 0 ||| qw: Do Orc after D:15 true
     0 | D:1      | 0 ||| qw: Do second Lair branch before Depths: true
     0 | D:1      | 0 ||| qw: Lair rune preference: random
     0 | D:1      | 0 ||| qw: Plans: Normal, Zot:1-4, God:TSO, Crypt, Tomb,
                  | Pan, Slime:5, Hells, Abyss, Orb
     0 | D:1      | 0 ||| PLANNING D:1-11
    31 | D:1      | 31 ||| Stepping ~*~*~tactically~*~*~ (stealth).
    39 | D:1      | 39 ||| Stepping ~*~*~tactically~*~*~ (stealth).
    43 | D:1      | Reached skill level 2 in Axes
    49 | D:1      | Reached XP level 2. HP: 16/19 MP: 2/2
   427 | D:1      | Reached skill level 3 in Axes
   429 | D:1      | Reached XP level 3. HP: 22/23 MP: 3/3
   437 | D:1      | 437 ||| Stepping ~*~*~tactically~*~*~ (hiding).
   885 | D:1      | 885 ||| DROPPING +0 club.
   970 | D:1      | 970 ||| READING scroll labelled XOMEEF RAULE.
  1024 | D:1      | 1024 ||| READING 2 scrolls labelled KUSKAY GYGRE.
  1028 | D:1      | 1028 ||| READING scroll labelled EDDESTRA WETO DENIXT.
  1029 | D:1      | 1029 ||| READING scroll labelled TOACRO OTIM.
  1029 | D:1      | Identified a scroll of acquirement
  1029 | D:1      | 1029 ||| ACQUIRING +2 helmet of intelligence
  1029 | D:1      | Acquired a +2 helmet of intelligence
  1031 | D:1      | 1031 ||| UPGRADING to +2 helmet of intelligence.
  1082 | D:2      | 1082 ||| STAIRDANCE
  1087 | D:2      | 1087 ||| STAIRDANCE
  1114 | D:2      | 1114 ||| STAIRDANCE
  1197 | D:2      | 1197 ||| Stepping ~*~*~tactically~*~*~ (stealth).
  1436 | D:2      | Reached XP level 4. HP: 28/28 MP: 4/4
  1645 | D:2      | Reached skill level 4 in Axes
  2081 | D:2      | 2081 ||| READING 2 scrolls labelled ZASMATH AFUECH.
  2082 | D:2      | 2082 ||| READING 2 scrolls labelled KITUMAZAARCH.
  2083 | D:2      | 2083 ||| READING 3 scrolls labelled TENEBR NAJUATZ.
  2084 | D:2      | 2084 ||| READING scroll labelled LITZIBB RORAE.
  2085 | D:2      | 2085 ||| READING 2 scrolls of identify.
  2085 | D:2      | 2085 ||| IDENTIFYING smoky white potion
  2086 | D:2      | 2086 ||| DROPPING scroll of magic mapping.
  2117 | D:3      | Found Jounuup's Magic Scroll Emporium.
  2117 | D:3      | Found a sacrificial altar of Ru.
  2120 | D:3      | 2120 ||| SHOPLISTING 2 scrolls of identify (56 gold, have
                  | 30).
  2120 | D:3      | 2120 ||| BUYING scroll of identify (28 gold).
  2120 | D:3      | Bought a scroll of identify for 28 gold pieces
  2120 | D:3      | 2120 ||| SHOPLISTING scroll of identify (28 gold, have 2).
  2131 | D:3      | Noticed an ogre
  2141 | D:3      | Killed an ogre
  2142 | D:3      | Reached skill level 5 in Axes
  2142 | D:3      | Reached XP level 5. HP: 32/32 MP: 5/5
  2167 | D:3      | Found a runed translucent door.
  2170 | D:3      | Noticed qw's ghost (amateur GrFi)
  2201 | D:3      | 2201 ||| Stepping ~*~*~tactically~*~*~ (stealth).
  2206 | D:3      | 2206 ||| Stepping ~*~*~tactically~*~*~ (stealth).
  2213 | D:3      | 2213 ||| FLEEEEING.
  2214 | D:3      | 2214 ||| FLEEEEING.
  2215 | D:3      | 2215 ||| FLEEEEING.
  2216 | D:3      | 2216 ||| FLEEEEING.
  2217 | D:3      | 2217 ||| STAIRDANCE
  2279 | D:2      | 2279 ||| READING 2 scrolls of identify.
  2279 | D:2      | 2279 ||| IDENTIFYING murky emerald potion
  2280 | D:2      | 2280 ||| DROPPING potion of magic.
  2794 | D:3      | 2794 ||| Stepping ~*~*~tactically~*~*~ (stealth).
  2801 | D:3      | 2801 ||| Stepping ~*~*~tactically~*~*~ (stealth).
  2802 | D:3      | 2802 ||| DROPPING +0 whip.
  2809 | D:3      | Reached XP level 6. HP: 38/38 MP: 6/6
  3085 | D:3      | 3085 ||| UPGRADING to +0 chain mail.
  3095 | D:3      | 3095 ||| DROPPING +0 scale mail.
  3096 | D:3      | 3096 ||| UPGRADING to +0 pair of gloves.
  3101 | D:3      | 3101 ||| READING scroll of enchant armour.
  3101 | D:3      | 3101 ||| ENCHANTING +0 pair of gloves.
  3102 | D:3      | 3102 ||| DRINKING 2 silvery potions.
  3103 | D:3      | 3103 ||| READING 2 scrolls of identify.
  3103 | D:3      | 3103 ||| IDENTIFYING viscous golden potion
  3104 | D:3      | 3104 ||| DROPPING potion of degeneration.
  3291 | D:4      | 3291 ||| Stepping ~*~*~tactically~*~*~ (hiding).
  3292 | D:4      | 3292 ||| Stepping ~*~*~tactically~*~*~ (hiding).
  3558 | D:4      | Found a staircase to the Ecumenical Temple.
  3559 | D:4      | 3559 ||| PLANNING TEMPLE
  3559 | D:4      | 3559 ||| READING 3 scrolls of identify.
  3559 | D:4      | 3559 ||| IDENTIFYING bubbling dark potion
  3560 | D:4      | 3560 ||| READING 2 scrolls of identify.
  3560 | D:4      | 3560 ||| IDENTIFYING fizzy emerald potion
  3561 | D:4      | 3561 ||| DROPPING potion of invisibility.
  3562 | D:4      | 3562 ||| DROPPING potion of brilliance.
  3566 | Temple   | Entered the Ecumenical Temple
  3592 | Temple   | 3592 ||| PLANNING OKAWARU WORSHIP
  3738 | Temple   | Became a worshipper of Warmaster Okawaru
  3739 | Temple   | 3739 ||| PLANNING D:1-11
  3960 | D:4      | 3960 ||| Stepping ~*~*~tactically~*~*~ (stealth).
  3961 | D:4      | 3961 ||| Stepping ~*~*~tactically~*~*~ (stealth).
  4190 | D:4      | Found a sparkling altar of Nemelex Xobeh.
  4222 | D:5      | Entered Level 5 of the Dungeon
  4259 | D:5      | Reached skill level 6 in Axes
  4259 | D:5      | Reached XP level 7. HP: 17/43 MP: 7/7
  4501 | D:5      | Reached skill level 1 in Dodging
  4639 | D:5      | 4639 ||| Stepping ~*~*~tactically~*~*~ (hiding).
  4670 | D:5      | Reached * piety under Okawaru
  4847 | D:5      | 4847 ||| Stepping ~*~*~tactically~*~*~ (hiding).
  4859 | D:5      | 4859 ||| INVOKING Heroism.
  4870 | D:5      | 4870 ||| INVOKING Heroism.
  5047 | D:5      | 5047 ||| DROPPING +1 mace of protection.
  5066 | D:5      | Reached skill level 1 in Invocations
  5093 | D:5      | Reached skill level 7 in Axes
  5105 | D:5      | Identified the +1 robe of Osegua {rElec rPois Archmagi}
  5116 | D:5      | 5116 ||| READING scroll of acquirement.
  5116 | D:5      | 5116 ||| ACQUIRING +1 vorpal broad axe
  5116 | D:5      | Acquired a +1 vorpal broad axe
  5118 | D:5      | 5118 ||| SWAPPING to +1 vorpal broad axe.
  5119 | D:5      | 5119 ||| DROPPING +0 war axe.
  5153 | D:5      | Reached XP level 8. HP: 48/48 MP: 9/9
  5158 | D:5      | 5158 ||| Stepping ~*~*~tactically~*~*~ (hiding).
  5236 | D:5      | 5236 ||| INVOKING Heroism.
  5244 | D:5      | Reached skill level 3 in Invocations
  5334 | D:5      | 5334 ||| Stepping ~*~*~tactically~*~*~ (hiding).
  5481 | D:5      | 5481 ||| READING scroll labelled OPHAM RUORYRU.
  5482 | D:5      | 5482 ||| READING 4 scrolls of identify.
  5482 | D:5      | 5482 ||| IDENTIFYING viscous emerald potion
  5483 | D:5      | 5483 ||| READING 3 scrolls of identify.
  5483 | D:5      | 5483 ||| IDENTIFYING metallic pink potion
  5484 | D:5      | 5484 ||| READING 2 scrolls of identify.
  5484 | D:5      | 5484 ||| IDENTIFYING sedimented blue potion
  5485 | D:5      | 5485 ||| DROPPING potion of berserk rage.
  5642 | D:6      | 5642 ||| Stepping ~*~*~tactically~*~*~ (stealth).
  5643 | D:6      | 5643 ||| Stepping ~*~*~tactically~*~*~ (stealth).
  5645 | D:6      | 5645 ||| Stepping ~*~*~tactically~*~*~ (hiding).
  5725 | D:6      | Noticed Pikel
  5726 | D:6      | 5726 ||| Stepping ~*~*~tactically~*~*~ (stealth).
  5730 | D:6      | 5730 ||| INVOKING Heroism.
  5740 | D:6      | Killed Pikel
  5740 | D:6      | Reached ** piety under Okawaru
  5741 | D:6      | Reached skill level 6 in Armour
  5741 | D:6      | Reached XP level 9. HP: 42/54 MP: 9/12
  5862 | D:6      | 5862 ||| INVOKING Heroism.
  6173 | D:6      | 6173 ||| INVOKING Heroism.
  6187 | D:6      | 6187 ||| INVOKING Heroism.
  6192 | D:6      | 6192 ||| DRINKING 3 potions of curing.
  6192 | D:6      | 6192 ||| (to cure confusion)
  6245 | D:6      | 6245 ||| Stepping ~*~*~tactically~*~*~ (hiding).
  6248 | D:6      | 6248 ||| INVOKING Heroism.
  6251 | D:6      | Reached skill level 1 in Throwing
  6323 | D:6      | 6323 ||| INVOKING Heroism.
  6330 | D:6      | Reached skill level 8 in Axes
  6487 | D:6      | 6487 ||| INVOKING Heroism.
  6499 | D:6      | You fall into a shaft and drop 3 floors!
  6506 | D:9      | 6506 ||| Stepping ~*~*~tactically~*~*~ (hiding).
  6507 | D:9      | 6507 ||| Stepping ~*~*~tactically~*~*~ (hiding).
  6534 | D:9      | 6534 ||| READING 2 scrolls labelled QOKUB BIMEOSM.
  6535 | D:9      | 6535 ||| READING scroll labelled VENNAONOIG.
  6636 | D:9      | 6636 ||| READING 2 scrolls of identify.
  6636 | D:9      | 6636 ||| IDENTIFYING black potion
  6637 | D:9      | 6637 ||| DROPPING scroll of immolation.
  6641 | D:9      | 6641 ||| Stepping ~*~*~tactically~*~*~ (stealth).
  6643 | D:9      | 6643 ||| INVOKING Heroism.
  6651 | D:9      | Reached skill level 6 in Fighting
  6653 | D:9      | 6653 ||| Stepping ~*~*~tactically~*~*~ (stealth).
  6662 | D:9      | Reached skill level 9 in Axes
  6663 | D:9      | Reached *** piety under Okawaru
  6821 | D:8      | Noticed Erica
  6822 | D:8      | 6822 ||| INVOKING Heroism.
  6834 | D:8      | Killed Erica
  6834 | D:8      | Reached **** piety under Okawaru
  6835 | D:8      | Reached XP level 10. HP: 49/65 MP: 11/13
  6939 | D:8      | 6939 ||| INVOKING Heroism.
  7053 | D:8      | 7053 ||| INVOKING Heroism.
  7097 | D:8      | 7097 ||| Stepping ~*~*~tactically~*~*~ (hiding).
  7105 | D:8      | 7105 ||| Stepping ~*~*~tactically~*~*~ (hiding).
  7373 | D:7      | Found Cywn's Magic Scroll Emporium.
  7374 | D:7      | 7374 ||| INVOKING Heroism.
  7498 | D:6      | 7498 ||| Stepping ~*~*~tactically~*~*~ (hiding).
  7615 | D:6      | 7615 ||| READING scroll of enchant armour.
  7615 | D:6      | 7615 ||| ENCHANTING +1 pair of gloves.
  7802 | D:6      | 7802 ||| Stepping ~*~*~tactically~*~*~ (stealth).
  7805 | D:6      | 7805 ||| Stepping ~*~*~tactically~*~*~ (stealth).
  7806 | D:6      | 7806 ||| INVOKING Heroism.
  7821 | D:6      | 7821 ||| Stepping ~*~*~tactically~*~*~ (stealth).
  7999 | D:7      | 7999 ||| BUYING scroll of brand weapon (123 gold).
  7999 | D:7      | Bought a scroll of brand weapon for 123 gold pieces
  7999 | D:7      | 7999 ||| BUYING scroll of identify (26 gold).
  7999 | D:7      | Bought a scroll of identify for 26 gold pieces
  7999 | D:7      | 7999 ||| BUYING scroll of identify (26 gold).
  7999 | D:7      | Bought a scroll of identify for 26 gold pieces
  7999 | D:7      | 7999 ||| BUYING scroll of teleportation (39 gold).
  7999 | D:7      | Bought a scroll of teleportation for 39 gold pieces
  7999 | D:7      | 7999 ||| SHOPLISTING scroll of teleportation (39 gold, have
                  | 12).
  7999 | D:7      | 7999 ||| READING scroll of brand weapon.
  7999 | D:7      | 7999 ||| BRANDING +1 broad axe of venom.
  8078 | D:7      | Noticed Menkaure
  8079 | D:7      | 8079 ||| INVOKING Heroism.
  8085 | D:7      | Killed Menkaure
  8233 | D:7      | Found Noakas's Book Emporium.
  8457 | D:7      | Reached skill level 6 in Invocations
  8485 | D:7      | 8485 ||| INVOKING Heroism.
  8538 | D:7      | 8538 ||| INVOKING Heroism.
  8539 | D:7      | 8539 ||| Stepping ~*~*~tactically~*~*~ (stealth).
  8542 | D:7      | 8542 ||| Stepping ~*~*~tactically~*~*~ (stealth).
  8683 | D:7      | 8683 ||| DROPPING amulet of guardian spirit.
  8684 | D:7      | 8684 ||| READING 5 scrolls of identify.
  8684 | D:7      | 8684 ||| IDENTIFYING smoky golden potion
  8760 | D:8      | 8760 ||| INVOKING Heroism.
  8838 | D:8      | 8838 ||| Stepping ~*~*~tactically~*~*~ (hiding).
  8944 | D:8      | Found a radiant altar of Vehumet.
  9626 | D:9      | Noticed Psyche
  9627 | D:9      | 9627 ||| Stepping ~*~*~tactically~*~*~ (hiding).
  9630 | D:9      | 9630 ||| Stepping ~*~*~tactically~*~*~ (hiding).
  9632 | D:9      | 9632 ||| INVOKING Heroism.
  9638 | D:9      | Killed Psyche
  9639 | D:9      | Reached skill level 10 in Axes
  9639 | D:9      | 9639 ||| DRINKING 2 potions of curing.
  9639 | D:9      | 9639 ||| (to cure confusion)
  9692 | D:9      | 9692 ||| Stepping ~*~*~tactically~*~*~ (hiding).
  9693 | D:9      | 9693 ||| Stepping ~*~*~tactically~*~*~ (hiding).
  9694 | D:9      | 9694 ||| Stepping ~*~*~tactically~*~*~ (hiding).
  9698 | D:9      | Reached ***** piety under Okawaru
  9866 | D:9      | Reached XP level 11. HP: 65/69 MP: 16/16
  9940 | D:9      | Noticed a two-headed ogre
  9941 | D:9      | 9941 ||| INVOKING Heroism.
  9946 | D:9      | Killed a two-headed ogre
  9947 | D:9      | Reached skill level 3 in Throwing
 10010 | D:9      | 10010 ||| UPGRADING to +0 plate armour.
 10020 | D:9      | 10020 ||| DROPPING +0 chain mail.
 10034 | D:10     | Entered Level 10 of the Dungeon
 10045 | D:10     | Noticed Erolcha
 10046 | D:10     | 10046 ||| INVOKING Heroism.
 10090 | D:10     | Killed Erolcha
 10090 | D:10     | Received a gift from Okawaru
 10344 | D:10     | 10344 ||| Stepping ~*~*~tactically~*~*~ (hiding).
 10345 | D:10     | 10345 ||| Stepping ~*~*~tactically~*~*~ (hiding).
 10449 | D:10     | 10449 ||| Stepping ~*~*~tactically~*~*~ (hiding).
 10453 | D:10     | 10453 ||| INVOKING Heroism.
 10553 | D:10     | 10553 ||| INVOKING Heroism.
 10607 | D:10     | 10607 ||| INVOKING Heroism.
 10613 | D:10     | 10613 ||| Stepping ~*~*~tactically~*~*~ (stealth).
 10721 | D:10     | Found a hide-covered altar of Uskayaw.
 10721 | D:10     | Found an opulent altar of Gozag.
 10721 | D:10     | Found a broken altar of Ashenzari.
 10737 | D:10     | Reached skill level 9 in Invocations
 10892 | D:10     | 10892 ||| INVOKING Heroism.
 10893 | D:10     | 10893 ||| Stepping ~*~*~tactically~*~*~ (water).
 10900 | D:10     | 10900 ||| Stepping ~*~*~tactically~*~*~ (water).
 10987 | D:10     | 10987 ||| INVOKING Heroism.
 11006 | D:10     | Received a gift from Okawaru
 11011 | D:10     | 11011 ||| Stepping ~*~*~tactically~*~*~ (stealth).
 11031 | D:10     | 11031 ||| INVOKING Heroism.
 11072 | D:10     | 11072 ||| FLEEEEING.
 11073 | D:10     | 11073 ||| FLEEEEING.
 11074 | D:10     | 11074 ||| FLEEEEING.
 11220 | D:10     | 11220 ||| Stepping ~*~*~tactically~*~*~ (stealth).
 11226 | D:10     | 11226 ||| INVOKING Heroism.
 11244 | D:10     | Found a staircase to the Lair.
 11266 | D:10     | 11266 ||| Stepping ~*~*~tactically~*~*~ (stealth).
 11268 | D:10     | 11268 ||| Stepping ~*~*~tactically~*~*~ (stealth).
 11476 | D:10     | 11476 ||| PLANNING LAIR
 11476 | D:10     | 11476 ||| UPGRADING to +0 cloak.
 11543 | Lair:1   | Entered Level 1 of the Lair of Beasts
 11544 | Lair:1   | 11544 ||| INVOKING Heroism.
 11697 | Lair:1   | 11697 ||| INVOKING Heroism.
 11711 | Lair:1   | 11711 ||| Stepping ~*~*~tactically~*~*~ (stealth).
 11712 | Lair:1   | 11712 ||| Stepping ~*~*~tactically~*~*~ (stealth).
 11724 | Lair:1   | Received a gift from Okawaru
 11725 | Lair:1   | Reached skill level 11 in Axes
 11826 | Lair:1   | 11826 ||| DROPPING +0 flail.
 12105 | Lair:1   | 12105 ||| Stepping ~*~*~tactically~*~*~ (stealth).
 12106 | Lair:1   | 12106 ||| Stepping ~*~*~tactically~*~*~ (stealth).
 12107 | Lair:1   | 12107 ||| INVOKING Heroism.
 12125 | Lair:1   | Reached skill level 9 in Fighting
 12125 | Lair:1   | Reached XP level 12. HP: 50/76 MP: 19/19
 12259 | Lair:1   | 12259 ||| INVOKING Heroism.
 12382 | Lair:1   | 12382 ||| INVOKING Heroism.
 12393 | Lair:1   | Received a gift from Okawaru
 12527 | Lair:1   | 12527 ||| INVOKING Heroism.
 12629 | Lair:1   | 12629 ||| INVOKING Heroism.
 12831 | Lair:2   | Found a snail-covered altar of Cheibriados.
 12918 | Lair:2   | 12918 ||| INVOKING Heroism.
 12920 | Lair:2   | Received a gift from Okawaru
 12921 | Lair:2   | Reached skill level 12 in Axes
 13192 | Lair:2   | Identified the +1 scale mail "Voaduoxi" {Contam *Corrode
                  | rElec rPois} (Okawaru gifted it to you on level 2 of the
                  | Lair of Beasts)
 13192 | Lair:2   | Received a gift from Okawaru
 13231 | Lair:2   | 13231 ||| INVOKING Heroism.
 13242 | Lair:2   | Reached skill level 9 in Armour
 13368 | Lair:2   | 13368 ||| Stepping ~*~*~tactically~*~*~ (hiding).
 13369 | Lair:2   | 13369 ||| Stepping ~*~*~tactically~*~*~ (hiding).
 13374 | Lair:2   | 13374 ||| INVOKING Heroism.
 13573 | Lair:2   | 13573 ||| Stepping ~*~*~tactically~*~*~ (hiding).
 13583 | Lair:2   | Reached skill level 6 in Shields
 13680 | Lair:2   | 13680 ||| INVOKING Heroism.
 13681 | Lair:2   | Found a staircase to the Swamp.
 13703 | Lair:2   | 13703 ||| FLEEEEING.
 13704 | Lair:2   | 13704 ||| FLEEEEING.
 13705 | Lair:2   | 13705 ||| FLEEEEING.
 13928 | Lair:2   | 13928 ||| INVOKING Heroism.
 14078 | Lair:2   | 14078 ||| INVOKING Heroism.
 14241 | Lair:2   | 14241 ||| Stepping ~*~*~tactically~*~*~ (stealth).
 14243 | Lair:2   | 14243 ||| INVOKING Heroism.
 14652 | Lair:2   | 14652 ||| Stepping ~*~*~tactically~*~*~ (hiding).
 14655 | Lair:2   | 14655 ||| Stepping ~*~*~tactically~*~*~ (stealth).
 14662 | Lair:2   | 14662 ||| INVOKING Heroism.
 14720 | Lair:2   | 14720 ||| INVOKING Heroism.
 14726 | Lair:2   | HP: 17/77 [culicivora (16)]
 14727 | Lair:2   | 14727 ||| READING 6 scrolls of teleportation.
 14729 | Lair:2   | 14729 ||| FLEEEEING.
 14737 | Lair:2   | 14737 ||| STAIRDANCE
 15020 | Lair:1   | 15020 ||| UPGRADING to +1 pair of boots.
 15025 | Lair:1   | 15025 ||| READING scroll labelled WOESHI UTUE.
 15026 | Lair:1   | 15026 ||| READING scroll labelled MEAXUK NEKAKHU.
 15068 | Lair:2   | Found a hole to the Spider Nest.
 15242 | Lair:3   | 15242 ||| Stepping ~*~*~tactically~*~*~ (stealth).
 15250 | Lair:3   | 15250 ||| Stepping ~*~*~tactically~*~*~ (stealth).
 15251 | Lair:3   | 15251 ||| Stepping ~*~*~tactically~*~*~ (stealth).
 15253 | Lair:3   | 15253 ||| INVOKING Heroism.
 15257 | Lair:3   | 15257 ||| Stepping ~*~*~tactically~*~*~ (stealth).
 15264 | Lair:3   | 15264 ||| Stepping ~*~*~tactically~*~*~ (stealth).
 15269 | Lair:3   | Reached XP level 13. HP: 73/82 MP: 20/20
 15284 | Lair:3   | 15284 ||| Stepping ~*~*~tactically~*~*~ (stealth).
 15285 | Lair:3   | 15285 ||| Stepping ~*~*~tactically~*~*~ (stealth).
 15286 | Lair:3   | 15286 ||| Stepping ~*~*~tactically~*~*~ (stealth).
 15450 | Lair:3   | 15450 ||| INVOKING Heroism.
 15451 | Lair:3   | 15451 ||| Stepping ~*~*~tactically~*~*~ (cloud).
 15455 | Lair:3   | 15455 ||| INVOKING Finesse.
 15456 | Lair:3   | 15456 ||| Stepping ~*~*~tactically~*~*~ (cloud).
 15459 | Lair:3   | 15459 ||| SWAPPING to +0 morningstar.
 15474 | Lair:3   | Reached skill level 13 in Axes
 15474 | Lair:3   | 15474 ||| SWAPPING to +2 broad axe of protection.
 15488 | Lair:3   | 15488 ||| FLEEEEING.
 15489 | Lair:3   | 15489 ||| STAIRDANCE
 15743 | Lair:3   | 15743 ||| Stepping ~*~*~tactically~*~*~ (stealth).
 15752 | Lair:3   | 15752 ||| INVOKING Heroism.
 15773 | Lair:3   | Received a gift from Okawaru
 15826 | Lair:3   | 15826 ||| INVOKING Heroism.
 15835 | Lair:3   | 15835 ||| Stepping ~*~*~tactically~*~*~ (stealth).
 15903 | Lair:3   | 15903 ||| Stepping ~*~*~tactically~*~*~ (hiding).
 15905 | Lair:3   | 15905 ||| Stepping ~*~*~tactically~*~*~ (hiding).
 15935 | Lair:3   | Noticed Snorg
 15936 | Lair:3   | 15936 ||| INVOKING Heroism.
 15937 | Lair:3   | 15937 ||| INVOKING Finesse.
 15953 | Lair:3   | HP: 7/82 [Snorg (16)]
 15954 | Lair:3   | 15954 ||| READING 5 scrolls of teleportation.
 15958 | Lair:3   | Killed Snorg
 16315 | Lair:3   | 16315 ||| Stepping ~*~*~tactically~*~*~ (stealth).
 16337 | Lair:3   | 16337 ||| READING scroll of enchant weapon.
 16337 | Lair:3   | 16337 ||| ENCHANTING +2 broad axe of protection.
 16363 | Lair:3   | 16363 ||| INVOKING Heroism.
 16364 | Lair:3   | 16364 ||| SWAPPING to +0 morningstar.
 16365 | Lair:3   | 16365 ||| INVOKING Finesse.
 16373 | Lair:3   | 16373 ||| SWAPPING to +3 broad axe of protection.
 16705 | Lair:3   | Received a gift from Okawaru
 16706 | Lair:3   | Reached skill level 14 in Axes
 16764 | Lair:3   | 16764 ||| INVOKING Heroism.
 16764 | Lair:3   | Noticed Rupert
 16765 | Lair:3   | 16765 ||| Stepping ~*~*~tactically~*~*~ (stealth).
 16767 | Lair:3   | 16767 ||| Stepping ~*~*~tactically~*~*~ (stealth).
 16901 | Lair:3   | 16901 ||| INVOKING Heroism.
 16902 | Lair:3   | 16902 ||| INVOKING Finesse.
 16914 | Lair:3   | HP: 19/82 [Rupert/+2 great mace of protection (2)]
 16915 | Lair:3   | 16915 ||| READING 4 scrolls of teleportation.
 16916 | Lair:3   | HP: 6/82 [Rupert/+2 great mace of protection (13)]
 16920 | Lair:3   | Mangled by Rupert

Levels and vault maps discovered:
D:1:      minmay_arrival_five_plusses, layout_basic, chequers_garden,
          minmay_surrounded
D:2:      layout_loops_ring, nicolae_eternal_life, guppyfry_early_lair_pool
D:3:      layout_loops_ring, mainiacjoe_overflow_boulevard, serial_shops, shop,
          ebering_ghost_reflecting_pool
D:4:      layout_loops_ring, lemuel_coloured_pillars_altar,
          minmay_temple_entry_trees
D:5:      layout_loops_ring
D:6:      layout_basic, chequers_serial_rivers_large_b, uniq_pikel
D:7:      minmay_octagon_keep, layout_rooms, nicolae_stop_n_shop_2,
          nicolae_take_the_stairs, uniq_menkaure
D:8:      layout_basic, general_overflow_altar, uniq_erica
D:9:      lemuel_flame_loot_2, layout_cave_pools, st_stairs_13,
          minmay_gold_behind_fungi, uniq_psyche
D:10:     layout_long_grid, gammafunk_temple_overflow_claw, erik_lair_island,
          enter_bailey_3, roderic_roman_lattice, grunt_decor_resistance,
          uniq_erolcha
Temple:   nicolae_temple_bog_church
Lair:1:   dreamdust_cave_troll, layout_regular_city,
          nicolae_volcano_entry_vermiform, infiniplex_staircase_pool,
          serial_bayou_shore_a
Lair:2:   layout_loops_ring, nicolae_swamp_entry_splash_gauntlet,
          spider_nest_entry_funnel_web, basic_altar, serial_bayou_pond_a,
          grunt_megastairs_1
Lair:3:   layout_regular_city, grunt_forest_stairs_basic,
          nicolae_lair_grazing_beasts [nicolae_sub_lair_graze_edge,
          nicolae_sub_lair_graze_edge, nicolae_sub_lair_graze_edge,
          nicolae_sub_lair_graze_edge], uniq_snorg, uniq_rupert

Skill      XL: |  1  2  3  4  5  6  7  8  9 10 11 12 13 |
---------------+----------------------------------------+-----
Axes           | 2 3 5 6 7 9 10 11 12 14 | 14.0
Fighting       | 4 5 8 9 10 | 10.0
Dodging        | 1 2 |  2.0
Invocations    | 2 4 7 10 | 10.0
Armour         | 6 8 9 10 | 10.0
Throwing       | 1 2 3 5 |  5.1
Shields        | 4 5 6 |  6.3

Action                   |  1- 3 |  4- 6 |  7- 9 | 10-12 | 13-15 || total
-------------------------+-------+-------+-------+-------+-------++-------
Melee: War axe           |    78 |   132 |    72 |       |       ||   282
       Broad axe         |       |       |   136 |   606 |   170 ||   912
       Morningstar       |       |       |       |       |    21 ||    21
Throw: Boomerang         |       |     3 |       |     2 |       ||     5
       Javelin           |       |       |       |    59 |    16 ||    75
Invok: Heroism           |       |       |    12 |    35 |     7 ||    54
       Finesse           |       |       |       |       |     4 ||     4
  Use: Scroll            |     4 |    10 |     8 |     6 |     3 ||    31
       Potion            |       |     1 |     1 |     1 |       ||     3
 Stab: Invisible         |       |       |       |     1 |       ||     1
Armor: Scale mail        |    37 |    45 |       |       |       ||    82
       Chain mail        |       |    38 |   134 |   115 |       ||   287
       Plate armour      |       |       |       |   384 |   171 ||   555
Dodge: Dodged            |    27 |    33 |    88 |   300 |    95 ||   543
Block: Buckler           |    10 |    19 |    38 |   188 |    70 ||   325

Table legend:
 A = Non-vault XP
 B = Vault XP
 C = Vault XP percentage of total XP
 D = Non-vault monster count
 E = Vault monster count
 F = Vault count percentage of total count
                 A         B        C        D         E       F
            +---------+---------+-------+---------+---------+-------
      Total |   30300 |   13823 |  31.3 |     292 |      57 |  16.3
            +---------+---------+-------+---------+---------+-------
        D:1 |      58 |       9 |  13.4 |      25 |       5 |  16.7
        D:2 |      46 |       0 |   0.0 |      12 |       0 |   0.0
        D:3 |     228 |       0 |   0.0 |      21 |       0 |   0.0
        D:4 |     233 |       0 |   0.0 |      11 |       0 |   0.0
        D:5 |     933 |       0 |   0.0 |      20 |       0 |   0.0
        D:6 |    1174 |     673 |  36.4 |      30 |       1 |   3.2
        D:7 |     789 |     897 |  53.2 |      14 |      10 |  41.7
        D:8 |     917 |     836 |  47.7 |      17 |       1 |   5.6
        D:9 |    2583 |     765 |  22.8 |      16 |       3 |  15.8
       D:10 |    2770 |    1648 |  37.3 |      28 |      13 |  31.7
     Lair:1 |    5398 |    1269 |  19.0 |      37 |       2 |   5.1
     Lair:2 |    5532 |    3837 |  41.0 |      28 |      13 |  31.7
     Lair:3 |    9639 |    3889 |  28.7 |      33 |       9 |  21.4
            +---------+---------+-------+---------+---------+-------
